AoeStats
← cvlp

Arena

508992888Analyzed
2v2 RM · 8d ago on Sep 25, 2026· 66m 42s· 4 players
Game mode
Random Map
Map size
Medium (4 player)
Population
200
Speed
Normal
Resources
Standard
Victory
Conquest
Starting age
Dark Age
Ending age
Imperial Age
RankedLock teamsTeams togetherTeam positionsShared explorationLock speedFull tech treeHidden civsTurbo modeCheats
Victory
Defeat
🇨🇳 Danes · China
1387
+15
🇨🇳 Wei · China
1359
+16
🇦🇷 Khmer · Argentina
1389
-16
🇪🇸 Saxons · Spain
1352
-15
Matasariano9065
8:34 Feudal Age
6:53 Loom
11:16 Fletching
25:17 Castle Age
23:29 Double-Bit Axe
24:08 Horse Collar
25:41 Gold Mining
25:42 Stone Mining
27:08 Bow Saw
29:16 Town Watch
33:00 Wheelbarrow
34:01 Bodkin Arrow
40:58 Hand Cart
40:44 Town Patrol
41:28 Heavy Plow
44:29 Imperial Age
42:18 Squires
42:04 Gambesons
42:05 Arson
42:42 Forging
42:33 Scale Mail Armor
43:56 Gold Shaft Mining
44:38 Iron Casting
44:30 Chain Mail Armor
44:38 Elite Varangian Guard
61:05 Light Cavalry
62:16 Husbandry
63:40 Bloodlines
CTM | Franco*
9:46 Feudal Age
8:55 Loom
14:47 Castle Age
13:13 Double-Bit Axe
13:27 Horse Collar
15:58 Bow Saw
17:21 Bloodlines
20:31 Heavy Plow
21:23 Gold Mining
21:23 Stone Mining
23:29 Fervor
27:01 Gold Shaft Mining
27:06 Stone Shaft Mining
27:16 Arson
26:51 Pikeman
30:36 Wheelbarrow
29:46 Town Watch
33:24 Imperial Age
31:41 Husbandry
32:33 Hand Cart
34:04 Scale Barding Armor
34:23 Forging
33:35 Elite Battle Elephant
36:03 Tusk Swords
36:46 Chain Barding Armor
37:36 Iron Casting
36:52 Fletching
38:08 Plate Barding Armor
40:01 Blast Furnace
39:37 Light Cavalry
40:18 Bodkin Arrow
40:56 Crop Rotation
40:29 Hussar
45:16 Conscription
46:16 Halberdier
51:28 Scale Mail Armor
51:30 Bracer
52:35 Hoardings
53:48 Chain Mail Armor
53:10 Capped Ram
54:24 Siege Ram
58:00 Chemistry
57:21 Ballistics
57:07 Siege Engineers
58:21 Murder Holes
59:04 Fortified Wall
58:51 Heavy Scorpion
Teaht
10:25 Feudal Age
17:22 Loom
20:46 Castle Age
26:02 Scale Mail Armor
26:31 Double-Bit Axe
28:44 Bow Saw
29:38 Horse Collar
31:38 Squires
32:53 Chain Mail Armor
34:39 Wheelbarrow
34:11 Gold Mining
39:35 Imperial Age
37:47 Gold Shaft Mining
37:04 Stone Mining
37:41 Heavy Plow
38:14 Hand Cart
39:14 Forging
39:05 Gambesons
39:06 Arson
40:55 Plate Mail Armor
39:54 Elite Varangian Guard
40:13 Capped Ram
42:20 Iron Casting
43:16 Stone Shaft Mining
43:20 Siege Ram
46:18 Siege Engineers
47:15 Chemistry
47:31 Caravan
48:03 Coinage
47:55 Northmen's Fury
48:57 Conscription
48:12 Hamask
48:39 Pikeman
49:13 Town Watch
49:32 Elite Jomsviking
49:46 Halberdier
52:10 Blast Furnace
54:48 Banking
cvlp
8:58 Feudal Age
10:48 Double-Bit Axe
11:05 Horse Collar
13:00 Wheelbarrow
17:23 Castle Age
16:48 Bloodlines
17:44 Scale Barding Armor
22:29 Chain Barding Armor
22:15 Husbandry
27:11 Loom
31:20 Imperial Age
30:13 Forging
30:12 Fletching
31:06 Bow Saw
32:13 Ballistics
32:33 Bodkin Arrow
34:49 Hand Cart
35:11 Bracer
36:54 Heavy Plow
36:19 Heavy Hei Guang Cavalry
38:07 Block Printing
38:03 Fervor
38:24 Illumination
38:59 Ming Guang Armor
38:54 Conscription
39:05 Thumb Ring
39:13 Gold Mining
39:28 Padded Archer Armor
41:58 Sanctity
42:44 Theocracy
42:48 Pikeman
44:21 Halberdier
47:16 Conscription
49:36 Iron Casting
49:01 Scale Mail Armor
49:21 Loom
51:32 Blast Furnace
51:40 Chain Mail Armor
56:50 Leather Archer Armor
56:52 Town Watch
57:43 Parthian Tactics
58:58 Chemistry
58:34 Ring Archer Armor
62:04 Crop Rotation
62:49 Gold Shaft Mining
66:36 Town Patrol
67:18 Caravan
Connection lost

Rejoining the realm…

Still unreachable

The connection could not be restored.

Session expired

The server has moved on; the page needs a fresh start.